 Dungeon Crawl Stone Soup version 0.26.1-11-gd32895ea62 (webtiles) character file.

Game seed: 2329185183219284077

578 Zeld the Twirler (level 7, 0/45 HPs)
             Began as an Octopode Gladiator on May 18, 2021.
             Killed by nerve-wracking pain
             ... invoked by Grinder
              (12 damage)
             ... while paralysed by Grinder
             ... on level 4 of the Dungeon.
             The game lasted 00:05:10 (4335 turns).

Zeld the Twirler (Octopode Gladiator)               Turns: 4335, Time: 00:05:10

Health: 0/45       AC:  1    Str: 14    XL:     7   Next: 35%
Magic:  7/7        EV:  2    Int: 10    God:
Gold:   144        SH:  0    Dex: 15    Spells: 6/6 levels left

rFire    . . .     SeeInvis .   a - +0 quarterstaff
rCold    . . .     Faith    .   (shield currently unavailable)
rNeg     . . .     Spirit   .   b - +0 hat
rPois    .         Reflect  .   (no amulet)
rElec    .         Harm     .   (no ring)
rCorr    .         Rampage  .   (no ring)
Will     .....                  (no ring)
Stlth    ++........             (no ring)
HPRegen  0.15/turn              (no ring)
MPRegen  0.10/turn              (no ring)
                                (no ring)
                                (no ring)

@: paralysed
A: almost no armour, stealthy swim, amphibious, 8 rings, constrict 8, camouflage
1, gelatinous body 1
a: no special abilities


You were on level 4 of the Dungeon.
You visited 1 branch of the dungeon, and saw 4 of its levels.

You collected 144 gold pieces.

Inventory:

Hand Weapons
 a - a +0 quarterstaff (weapon)
Missiles
 c - 3 throwing nets (quivered)
 f - 5 curare-tipped darts
Armour
 b - a +0 hat (worn)
Scrolls
 d - 5 scrolls of teleportation {unknown}
 g - 3 scrolls of identify {unknown}
 h - 3 scrolls of fog {unknown}
 l - 2 scrolls of enchant armour {unknown}
 m - 2 scrolls of amnesia {unknown}
 s - a scroll of random uselessness {unknown}
 t - a scroll of enchant weapon {unknown}
 u - 2 scrolls of magic mapping {unknown}
 x - a scroll of remove curse {unknown}
Potions
 e - a potion of heal wounds {unknown}
 i - a potion of brilliance {unknown}
 j - a potion of flight {unknown}
 k - a potion of attraction {unknown}
 n - a potion of cancellation {unknown}
 o - a potion of mutation {unknown}
 p - a potion of invisibility {unknown}
 q - a potion of curing {unknown}
 r - 2 potions of haste {unknown}
 v - a potion of berserk rage {unknown}
 w - a potion of might {unknown}


   Skills:
 - Level 2.0 Fighting
 * Level 6.1 Staves
 * Level 5.7 Throwing
 - Level 3.0 Dodging


You had 6 spell levels left.
You didn't know any spells.
Your spell library was empty.

Dungeon Overview and Level Annotations

Branches:
Dungeon (4/15)
 Temple: D:4-7

Altars:
Gozag

Shops:
D:3 *

Annotations:
D:4 Grinder


Innate Abilities, Weirdness & Mutations

You cannot wear most types of armour.
You are very stealthy in the water. (Stealth+)
You are amphibious.
You can wear up to eight rings at the same time.
You can use your tentacles to constrict eight enemies at once.
Your skin changes colour to match your surroundings (Stealth+).
Your rubbery body absorbs attacks. (AC +1, EV +1)


Message History

The sky beast misses you.
A leopard gecko comes into view.
You miss the sky beast.
The sky beast is moderately wounded.
The leopard gecko hisses angrily.
The sky beast flickers out of sight!
Deactivating autopickup; reactivate with Ctrl-A.
Something hits you. Something shocks you. Grinder hits you.
You completely miss Grinder. You grab Grinder. You constrict Grinder.
Something hits you. Something shocks you.
Grinder blinks free!
Grinder hits you!
* * * LOW HITPOINT WARNING * * *
You writhe in agony.
* * * LOW HITPOINT WARNING * * *
Unknown command.
Grinder gestures at you.
You suddenly lose the ability to move!
Grinder gestures at you. Pain shoots through your body!
You die...

######...##..........
...................#.
#......###############.#.
#......# #..........#.#.
......# #........#.#.#.
#....# #........#.#.#.
#...^# #........#.#.#. #
#....####.......)....#.
####.##....@......####....#.
...........######....#....#.
.........5......#.##+#....##
.......l...####.............
..........## #...<......#..
..........# #........#....
...$###+#.# ##.......#....
.... ... ........#.... .##
.### ##.......#...>


You could see Grinder and a leopard gecko.

Vanquished Creatures
  Sigmund (D:2)
  A sky beast (D:4)
  An ogre (D:4)
  A scorpion (D:3)
  Terence (D:2)
  An iguana (D:4)
  A worker ant (D:3)
  Robin (D:2)
  2 adders
  2 worms
  2 dart slugs (D:3)
  2 leopard geckos (D:3)
  An orc (D:3)
  7 bats
  4 giant cockroaches
  13 goblins
  8 hobgoblins
  4 jackals (D:2)
  10 kobolds
  2 quokkas
  A frilled lizard (D:1)
  A jackal skeleton (D:4)
  6 rats
73 creatures vanquished.

Notes
Turn   | Place    | Note
-------+----------+-------------------------------------------
     0 | D:1      | Zeld the Octopode Gladiator began the quest for the Orb.
     0 | D:1      | Reached XP level 1. HP: 14/14 MP: 1/1
   227 | D:1      | Reached XP level 2. HP: 19/19 MP: 2/2
   985 | D:2      | Noticed Terence
  1203 | D:2      | Killed Terence
  1204 | D:2      | Reached XP level 3. HP: 15/24 MP: 3/3
  1781 | D:2      | Noticed Robin
  1790 | D:2      | Reached skill level 4 in Staves
  1790 | D:2      | Reached XP level 4. HP: 14/29 MP: 4/4
  2255 | D:2      | Killed Robin
  2467 | D:2      | Noticed Sigmund
  2481 | D:2      | Killed Sigmund
  2482 | D:2      | Reached skill level 5 in Staves
  2482 | D:2      | Reached XP level 5. HP: 34/34 MP: 5/5
  2482 | D:2      | Reached XP level 6. HP: 39/39 MP: 6/6
  3181 | D:3      | Found Gozag's Platinum Reserve.
  3186 | D:3      | Found an opulent altar of Gozag.
  3944 | D:4      | Noticed a sky beast
  3960 | D:3      | Reached skill level 5 in Throwing
  4167 | D:4      | Reached XP level 7. HP: 45/45 MP: 7/7
  4184 | D:4      | Reached skill level 6 in Staves
  4326 | D:4      | Noticed Grinder
  4334 | D:4      | Paralysed by Grinder for 4 turns
  4335 | D:4      | Killed from afar by Grinder

Illustrated notes

Levels and vault maps discovered:
D:1:      dpeg_arrival_circle_labyrinth_c, layout_basic
D:2:      layout_loops_ring, uniq_robin, uniq_sigmund, uniq_terence
D:3:      layout_basic, serial_aquarium, aquarium_bridge_long_joined
          [aquarium_subvault_window, aquarium_subvault_window,
          aquarium_subvault_bridge, aquarium_subvault_bridge,
          aquarium_subvault_balcony, aquarium_subvault_wall], aquarium_window_3,
          aquarium_window_fake, aquarium_window_fake, aquarium_view_2b,
          aquarium_view_2b, aquarium_pool_2, nicolae_gozag_zags_fifth_avenue
D:4:      layout_basic, minmay_temple_entry_crystal_x, uniq_natasha,
          uniq_grinder

Skill      XL: |  1  2  3  4  5  6  7 |
---------------+----------------------+-----
Throwing       | 3 4 5 |  5.7
Staves         | 4 5 6 |  6.1
Fighting       | |  2.0
Dodging        | |  3.0

Action                   |  1- 3 |  4- 6 |  7- 9 || total
-------------------------+-------+-------+-------++-------
Melee: Quarterstaff      |    57 |    78 |    12 ||   147
       Constrict         |    15 |    24 |     1 ||    40
       Tentacles         |     5 |    17 |     3 ||    25
Throw: Dart              |       |     3 |       ||     3
 Stab: Sleeping          |     4 |     8 |       ||    12
Armor: Skin              |     4 |     1 |     1 ||     6
Dodge: Dodged            |    31 |    60 |     5 ||    96
